 Dungeon Sprint DCSS version 0.19-a0-1714-gcab94ab (webtiles) character file.

22935 Theye the Bludgeoner (level 13, -11/114 HPs)
             Began as a Formicid Fighter on Sept 28, 2016.
             Was a High Priest of Okawaru.
             Killed from afar by a fire dragon (22 damage)
             ... with a blast of flame
             ... in the Dungeon (Sprint IX: "|||||||||||||||||||||||||||||").
             The game lasted 00:06:38 (2333 turns).

Theye the Bludgeoner (Formicid Fighter)             Turns: 2333, Time: 00:06:44

Health: -11/114    AC: 23    Str: 27    XL:     13   Next: 31%
Magic:  0/24       EV: 13    Int: 10    God:    Okawaru [*****.]
Gold:   491        SH: 15    Dex: 15    Spells: 0 memorised, 12 levels left

rFire  . . .     SeeInvis +     I - +14 plutonium sword {*Contam Stlth-}
rCold  . . .     Gourm    .     K - +2 plate armour
rNeg   . . .     Faith    .     c - +0 shield
rPois  .         Spirit   +     (helmet unavailable)
rElec  .         Dismiss  .     v - +1 cloak {MR+}
rCorr  .         Reflect  .     x - +0 pair of gloves
MR     ++...     Harm     .     J - +0 pair of boots {run}
Stlth  ..........               H - amulet of guardian spirit
                                s - +2 ring of evasion
                                t - +3 ring of dexterity

@: mighty, finesse, quick
A: permanent stasis, dig shafts and tunnels, four strong arms, antennae 3
a: Dig, Heroism, Finesse, Renounce Religion


You were in the Dungeon.
You worshipped Okawaru.
Okawaru was extremely pleased with you.
You were not hungry.

You visited 1 branch You collected 1300 gold pieces.
You spent 809 gold pieces at shops.

Inventory:

Hand Weapons
 p - a +2 dire flail of crushing
 z - a +2 great mace
 D - the +0 great mace "Julyviw" {venom, rPois}
   (Okawaru gifted it to you in the Dungeon)

   It poisons the flesh of those it strikes.
   It protects you from poison.
 I - the +14 plutonium sword (weapon) {*Contam Stlth-}
   (You found it in the Dungeon)

   It causes magical contamination when unequipped.
   It makes you less stealthy.
Armour
 c - a +0 shield (worn)
 v - a +1 cloak of magic resistance (worn)
 x - a +0 pair of gloves (worn)
 J - a +0 pair of boots of running (worn)
 K - a +2 plate armour (worn)
Jewellery
 s - a +2 ring of evasion (right hand)
 t - a +3 ring of dexterity (left hand)
 F - an uncursed ring of ice
 G - an uncursed ring of protection from magic
 H - an amulet of guardian spirit (around neck)
Wands
 o - a wand of lightning (6/15)
 y - a wand of acid (6/15)
Scrolls
 k - 3 scrolls of blinking
 m - 7 scrolls of remove curse
 n - 2 scrolls of amnesia
 q - 3 scrolls of recharging
 r - a scroll of identify
 u - 4 scrolls of fear
 A - a scroll of enchant armour
 E - a scroll of summoning
Potions
 a - a potion of brilliance
 b - a potion of cure mutation
 e - 12 potions of curing
 g - 10 potions of heal wounds
 h - 2 potions of haste
 i - 4 potions of magic
 j - 2 potions of berserk rage
 B - a potion of mutation
 C - a potion of invisibility
Comestibles
 f - 14 bread rations
 l - 40 fruits
 w - 11 meat rations


   Skills:
 + Level 14.6 Fighting
 * Level 6.6 Long Blades
 - Level 19.7 Maces & Flails
 + Level 11.5 Armour
 + Level 5.6 Dodging
 + Level 15.4 Shields
 * Level 14.6 Invocations
 + Level 0.4 Evocations


You had 12 spell levels left.
You didn't know any spells.

Dungeon Overview and Level Annotations

Branches:
Dungeon (1/1)

Altars:
Cheibriados
Dithmenos
Elyvilon
Fedhas
Gozag
Hepliaklqana
Kikubaaqudgha
Makhleb
Nemelex Xobeh
Okawaru
Qazlal
Ru
Sif Muna
Trog
Uskayaw
Vehumet
Xom
Yredelemnul
Zin
The Shining One
Beogh
Jiyva
Lugonu

Shops:
D %!?*


Innate Abilities, Weirdness & Mutations

You are under a permanent stasis effect.
You can dig through walls and to a lower floor.
Your four strong arms can wield two-handed weapons with a shield.
You have a pair of large antennae on your head. (SInv)


Message History

Unknown command.
You are too injured to fight recklessly!
Unknown command.
You are too injured to fight recklessly!
Unknown command.
You are too injured to fight recklessly!
You are too injured to fight recklessly!
You slice the spark wasp!!
The spark wasp is severely wounded.
The spark wasp bursts into living lightning!
The living lightning hits you!
* * * LOW HITPOINT WARNING * * *
The living lightning hits your giant cockroach.
Your giant cockroach dies!
Your giant cockroach's corpse disappears in a puff of smoke!
The spark wasp blinks!
The fire dragon breathes flames at you.
The blast of flame hits the fire dragon.
The fire dragon resists.
The blast of flame hits you!
You die...

,,,,,,+,,,,,,,,,,,,,,,,,,,,,+,,,,
*********************************
,,,,,,,{,{{,,,{{,,,,,,,,,,,,,,,,,
*********************************
{{{{{+{{{{{{{{{+{{{{{{{{{+,,,,,,,
*********************************
{{{{{,,,,,,,,,,,,,,,,,,,,,,,,,,,,
▓▓▓▓▓▓▓▓▓▓▓▓▓▓▓▓▓▓▓▓▓▓▓▓*********
[[........y.).(§@§D.Dc..{{{{+,,,,
▓▓▓▓▓▓▓▓▓▓▓▓▓▓▓▓▓▓▓▓▓▓▓▓▓▓▓▓▓▓▓▓▓
.......)......................)..
▓▓▓▓▓▓▓▓▓▓▓▓▓▓▓▓▓▓▓▓▓▓▓▓▓▓▓▓▓▓▓▓▓
)[))))....))).))∩.∩.∩)∩)))..'....
▓▓▓▓▓▓▓▓▓▓▓▓▓▓▓▓▓▓▓▓▓▓▓▓▓▓▓▓▓▓▓▓▓
............)..).((..............
▓▓▓▓▓▓▓▓▓▓▓▓▓▓▓▓▓▓▓▓▓▓▓▓▓▓▓▓▓▓▓▓▓
.††.)....†.'.....[†...?('...[[[..


You could see 2 fire dragons, a spark wasp and a centaur.

Vanquished Creatures
  Gastronok (D)
  A dire elephant (D)
  An ettin (D)
  Erolcha (D)
  Harold (D)
  A yaktaur captain (D)
  Erica (D)
  2 centaur warriors (D)
  A tengu warrior (D)
  Sonja (D)
  An unseen horror (D)
  2 hill giants (D)
  5 orc knights (D)
  8 orc sorcerers (D)
  2 cyclopes (D)
  7 elephants (D)
  Psyche (D)
  4 spiny frogs (D)
  An efreet (D)
  2 komodo dragons (D)
  2 hippogriffs (D)
  A water moccasin (D)
  8 orc warriors (D)
  2 porcupines (D)
  A sky beast (D)
  An ogre (D)
  2 crocodiles (D)
  A big kobold (D)
  4 bullfrogs (D)
  A killer bee (D)
  A hound (D)
  2 orc priests (D)
  A gnoll shaman (D)
  An iguana (D)
  11 orc wizards (D)
  A worker ant (D)
  A river rat (D)
  A dart slug (D)
  2 leopard geckos (D)
  7 orcs (D)
  A bat (D)
  A bat skeleton (D)
  2 frilled lizards (D)
  A giant cockroach zombie (D)
  A kobold (D)
101 creatures vanquished.

Notes
Turn   | Place    | Note
-------+----------+-------------------------------------------
     0 | D        | Theye the Formicid Fighter began the quest for the Orb.
     0 | D        | Reached XP level 1. HP: 18/18 MP: 1/1
    32 | D        | Reached XP level 2. HP: 24/25 MP: 2/2
    38 | D        | Noticed an ogre
    46 | D        | Reached skill level 4 in Maces & Flails
    46 | D        | Reached skill level 5 in Shields
    46 | D        | Reached XP level 3. HP: 19/31 MP: 3/3
    72 | D        | Killed an ogre
    72 | D        | Reached skill level 5 in Fighting
    72 | D        | Reached skill level 6 in Maces & Flails
    72 | D        | Reached skill level 5 in Armour
    72 | D        | Reached skill level 1 in Dodging
    72 | D        | Reached XP level 4. HP: 20/39 MP: 4/4
    72 | D        | Reached XP level 5. HP: 23/44 MP: 5/5
   200 | D        | Found a roughly hewn altar of Beogh.
   200 | D        | Found a snail-covered altar of Cheibriados.
   200 | D        | Found a shadowy altar of Dithmenos.
   200 | D        | Found a white marble altar of Elyvilon.
   200 | D        | Found a blossoming altar of Fedhas.
   200 | D        | Found an opulent altar of Gozag.
   201 | D        | Found a hazy altar of Hepliaklqana.
   202 | D        | Found a viscous altar of Jiyva.
   203 | D        | Found an ancient bone altar of Kikubaaqudgha.
   204 | D        | Found a corrupted altar of Lugonu.
   205 | D        | Found a burning altar of Makhleb.
   206 | D        | Found a sparkling altar of Nemelex Xobeh.
   207 | D        | Found an iron altar of Okawaru.
   208 | D        | Found a stormy altar of Qazlal.
   209 | D        | Found a sacrificial altar of Ru.
   210 | D        | Found a deep blue altar of Sif Muna.
   211 | D        | Found a bloodstained altar of Trog.
   212 | D        | Found a hide-covered altar of Uskayaw.
   213 | D        | Found a radiant altar of Vehumet.
   214 | D        | Found a shimmering altar of Xom.
   215 | D        | Became a worshipper of Warmaster Okawaru
   216 | D        | Found a basalt altar of Yredelemnul.
   217 | D        | Found a glowing silver altar of Zin.
   218 | D        | Found a glowing golden altar of the Shining One.
   271 | D        | Noticed an unseen horror
   271 | D        | Noticed a hill giant
   271 | D        | Noticed a big kobold
   274 | D        | Reached skill level 1 in Invocations
   284 | D        | Killed an unseen horror
   284 | D        | Reached * piety under Okawaru
   284 | D        | Reached ** piety under Okawaru
   284 | D        | Reached skill level 11 in Maces & Flails
   284 | D        | Reached skill level 5 in Invocations
   284 | D        | Reached XP level 6. HP: 34/55 MP: 6/10
   284 | D        | Reached XP level 7. HP: 37/60 MP: 6/11
   290 | D        | Killed a hill giant
   290 | D        | Reached *** piety under Okawaru
   290 | D        | Reached skill level 12 in Maces & Flails
   290 | D        | Reached XP level 8. HP: 43/67 MP: 4/13
   412 | D        | Noticed a centaur warrior
   412 | D        | Noticed a centaur warrior
   412 | D        | Noticed a cyclops
   420 | D        | Killed a centaur warrior
   420 | D        | Reached **** piety under Okawaru
   420 | D        | Reached skill level 13 in Maces & Flails
   420 | D        | Reached XP level 9. HP: 62/74 MP: 11/14
   430 | D        | Killed a centaur warrior
   430 | D        | Reached skill level 14 in Maces & Flails
   430 | D        | Reached skill level 10 in Shields
   438 | D        | Killed a cyclops
   438 | D        | Reached skill level 15 in Maces & Flails
   438 | D        | Reached XP level 10. HP: 60/82 MP: 13/16
   571 | D        | Noticed a spiny frog
   577 | D        | Killed a spiny frog
   588 | D        | Noticed a spiny frog
   590 | D        | Reached ***** piety under Okawaru
   611 | D        | Killed a spiny frog
   611 | D        | Reached skill level 16 in Maces & Flails
   835 | D        | Noticed a spiny frog
   835 | D        | Noticed a spiny frog
   840 | D        | Killed a spiny frog
   843 | D        | Reached skill level 10 in Invocations
   845 | D        | Noticed a komodo dragon
   855 | D        | Received a gift from Okawaru
   861 | D        | Killed a spiny frog
   861 | D        | Reached skill level 10 in Fighting
   871 | D        | Killed a komodo dragon
   871 | D        | Reached XP level 11. HP: 61/91 MP: 18/18
  1002 | D        | Noticed an elephant
  1002 | D        | Noticed an elephant
  1002 | D        | Noticed an elephant
  1002 | D        | Noticed an elephant
  1002 | D        | Noticed an elephant
  1002 | D        | Noticed an elephant
  1011 | D        | Killed an elephant
  1011 | D        | Reached skill level 17 in Maces & Flails
  1020 | D        | Killed an elephant
  1025 | D        | Killed an elephant
  1034 | D        | Killed an elephant
  1036 | D        | Noticed a dire elephant
  1044 | D        | Killed an elephant
  1049 | D        | Killed an elephant
  1057 | D        | Killed a dire elephant
  1073 | D        | Noticed an elephant
  1094 | D        | Killed an elephant
  1094 | D        | Received a gift from Okawaru
  1246 | D        | Noticed Sonja
  1249 | D        | Noticed Erica
  1252 | D        | Killed Sonja
  1252 | D        | Reached skill level 5 in Dodging
  1261 | D        | Killed Erica
  1261 | D        | Reached skill level 18 in Maces & Flails
  1261 | D        | Reached skill level 10 in Armour
  1485 | D        | Noticed an orc knight
  1508 | D        | Killed an orc knight
  1685 | D        | Noticed an orc knight
  1687 | D        | Noticed an orc sorcerer
  1696 | D        | Noticed an orc knight
  1702 | D        | Killed an orc knight
  1702 | D        | Reached XP level 12. HP: 100/103 MP: 19/21
  1817 | D        | Found Luomaici's Food Emporium.
  1819 | D        | Noticed a sun demon
  1826 | D        | Noticed a sun demon
  1841 | D        | Found Zuqoal's Distillery.
  1861 | D        | Found Areoz's Magic Scroll Emporium.
  1870 | D        | Found Nobiug's General Store.
  1920 | D        | Reached skill level 19 in Maces & Flails
  1934 | D        | Bought a bread ration for 65 gold pieces
  1934 | D        | Bought a scroll of fear for 45 gold pieces
  1936 | D        | Bought a scroll of enchant armour for 75 gold pieces
  1938 | D        | Bought a potion of mutation for 27 gold pieces
  1938 | D        | Bought a potion of heal wounds for 55 gold pieces
  1938 | D        | Bought a potion of invisibility for 88 gold pieces
  1938 | D        | Bought 2 potions of curing for 66 gold pieces
  1938 | D        | Bought a potion of curing for 33 gold pieces
  1945 | D        | Bought a scroll of recharging for 95 gold pieces
  1945 | D        | Bought a scroll of magic mapping for 35 gold pieces
  1945 | D        | Bought a scroll of recharging for 95 gold pieces
  1945 | D        | Bought a scroll of summoning for 95 gold pieces
  1945 | D        | Bought a scroll of fear for 35 gold pieces
  1962 | D        | Noticed Harold
  1978 | D        | Killed Harold
  1979 | D        | Noticed Psyche
  1990 | D        | Killed Psyche
  2140 | D        | Noticed Erolcha
  2149 | D        | Killed Erolcha
  2161 | D        | Noticed Gastronok
  2173 | D        | Killed Gastronok
  2173 | D        | Received a gift from Okawaru
  2173 | D        | Reached skill level 15 in Shields
  2173 | D        | Reached XP level 13. HP: 65/112 MP: 23/23
  2176 | D        | Got a translucent great mace {god gift}
  2177 | D        | Identified the +0 great mace "Julyviw" {venom, rPois} (Okawaru gifted it to you in the Dungeon)
  2247 | D        | Identified a +0 pair of boots of running (You found it in the Dungeon)
  2300 | D        | Noticed an ettin
  2306 | D        | Reached skill level 1 in Long Blades
  2318 | D        | Noticed a yaktaur captain
  2321 | D        | Noticed a spark wasp
  2321 | D        | Killed an ettin
  2322 | D        | Noticed a fire dragon
  2325 | D        | Reached skill level 5 in Long Blades
  2326 | D        | Noticed a fire dragon
  2331 | D        | Killed a yaktaur captain
  2331 | D        | Received a gift from Okawaru
  2333 | D        | Killed from afar by a fire dragon

Vault maps used:
D:        linesprint

Skill      XL: |  1  2  3  4  5  6  7  8  9 10 11 12 13 |
---------------+----------------------------------------+-----
Shields        | 4 5 6 8 9 10 11 13 15 | 15.4
Fighting       | 4 5 7 8 10 12 13 14 | 14.6
Maces & Flails | 4 6 11 12 13 15 16 18 19 | 19.7
Armour         | 4 5 6 7 8 10 11 | 11.5
Dodging        | 1 3 4 5 |  5.6
Invocations    | 5 6 7 9 10 12 14 | 14.6
Long Blades    | 6 |  6.6
Evocations     | |  0.4

Action                   |  1- 3 |  4- 6 |  7- 9 | 10-12 | 13-15 || total
-------------------------+-------+-------+-------+-------+-------++-------
Melee: Flail             |    62 |     5 |       |       |       ||    67
       Dire flail        |       |    11 |    40 |   350 |       ||   401
       Triple sword      |       |       |       |       |    31 ||    31
Invok: Heroism           |       |       |     2 |     8 |     1 ||    11
       Finesse           |       |       |       |     1 |     1 ||     2
Evoke: Wand              |       |       |       |     1 |       ||     1
  Use: Potion            |       |     1 |       |     1 |     1 ||     3
       Scroll            |       |       |       |     3 |       ||     3
 Stab: Invisible         |       |     1 |     2 |       |       ||     3
  Eat: Meat ration       |       |       |       |     1 |       ||     1
       Chunk             |       |       |       |     1 |       ||     1
Armor: Scale mail        |    19 |     1 |       |       |       ||    20
       Chain mail        |       |     4 |     6 |    38 |       ||    48
       Plate armour      |       |       |       |       |     5 ||     5
Dodge: Dodged            |    32 |     7 |     9 |    74 |     6 ||   128
Block: Shield            |    30 |     7 |    10 |   129 |    15 ||   191
